 Dungeon Crawl Stone Soup version 0.31-a0-640-g39d97e502b (webtiles) character file.

Game seed: 16259041160475581026

4 thirtiethelement the Grave Robber (level 1, 0/13 HPs)
             Began as a Demonspawn Necromancer on Aug 28, 2023.
             Slain by a quokka (3 damage)
             ... on level 1 of the Dungeon.
             The game lasted 00:00:48 (347 turns).

thirtiethelement the Grave Robber (DsNe)             Turns: 347, Time: 00:00:49

Health: 0/13       AC:  2    Str:  8    XL:     1   Next: 58%
Magic:  2/3        EV: 12    Int: 16    God:
Gold:   5          SH:  0    Dex: 13    Spells: 3/4 levels left

rFire   . . .        (no weapon)
rCold   . . .        (no shield)
rNeg    . . .        a - +0 robe
rPois   .            (no helmet)
rElec   .            (no cloak)
rCorr   .            (no gloves)
SInv    .            (no boots)
Will    .....        (no amulet)
Stlth   ++           (no ring)
HPRegen 0.22/turn    (no ring)
MPRegen 0.08/turn

%: no passive effects
@: very slightly contaminated
A: no striking features
a: no special abilities


You were on level 1 of the Dungeon.
You visited 1 branch of the dungeon, and saw 1 of its levels.

You collected 5 gold pieces.

Inventory:

Armour
 a - a +0 robe (worn)
Scrolls
 c - a scroll of teleportation {unknown}


   Skills:
 + Level 1.7 Dodging
 + Level 1.7 Stealth
 + Level 2.0 Spellcasting
 + Level 4.7 Necromancy


You had 3 spell levels left.
You knew the following spells:

 Your Spells              Type           Power      Damage    Failure   Level
a - Necrotise             Necr           64%        1d7       3%          1

Your spell library contained the following spells:

 Spells                   Type           Power      Damage    Failure   Level
 Vampiric Draining        Necr           16%        2d7       9%          3
 Animate Dead             Necr           16%        N/A       30%         4
 Agony                    Necr           16%        N/A       63%         5


Dungeon Overview and Level Annotations

Branches:
Dungeon (1/15)

Altars:

Shops:
D:1 (


Message History

The kobold writhes in agony.
You kill the kobold!
The dead are walking!
The hobgoblin hits your kobold skeleton.
Your kobold skeleton hits the hobgoblin.
You miss the quokka. The quokka closely misses you.
Your kobold skeleton hits the hobgoblin but does no damage.
You hit the quokka.
The quokka is lightly wounded.
The quokka bites you. The hobgoblin closely misses you.
An endoplasm comes into view.
You hit the quokka but do no damage.
The quokka is lightly wounded.
The quokka barely misses you.
A ball python comes into view.
The quokka bites you. The hobgoblin hits you.
Your kobold skeleton barely misses the hobgoblin.
The quokka attacks as it pursues you! The quokka bites you.
The quokka bites you but does no damage.
Casting: Necrotise (safe; 3% risk of failure)
Confirm with . or Enter, or press ? or * to list all spells.
Aiming: Necrotise (safe; 3% risk of failure)
Press: ? - help, Shift-Dir - straight line, f - quokka
Aim: a quokka (chance to affect: 86%)
You miscast Necrotise.
You are very lightly contaminated with residual magic.
Nothing appears to happen.
The quokka bites you. Magic courses through your body. The hobgoblin hits you.
* * * LOW HITPOINT WARNING * * *
The quokka barely misses you.
You aren't carrying any potions.
Casting: Necrotise (safe; 3% risk of failure)
Confirm with . or Enter, or press ? or * to list all spells.
Aiming: Necrotise (safe; 3% risk of failure)
Press: ? - help, Shift-Dir - straight line, f - hobgoblin, p - quokka
Aim: a hobgoblin (lightly wounded, ally target, chance to affect: 86%)
The hobgoblin writhes in agony.
The hobgoblin hits you but does no damage.
The quokka bites you.
You die...

....# ....# ....# ....#
######## ### ###
##8###8###8###8###
.................# ###.#
.................#####......
..............).@r.J..).....
.................gZS........
##########################.#
## ##### ##### ##### .#
#...# #...# #...# .# #.>.#
#...# #.♣.#
.###...###...###...#
...................#


You could see an endoplasm, a quokka, a hobgoblin (ally target), a ball python
and a friendly kobold skeleton.

Vanquished Creatures
  A dart slug (D:1)
  A kobold (D:1)
  2 rats (D:1)
4 creatures vanquished.

Notes
Turn   | Place    | Note
-------+----------+-------------------------------------------
     0 | D:1      | thirtiethelement the Demonspawn Necromancer began the quest
                  | for the Orb.
     0 | D:1      | Reached XP level 1. HP: 13/13 MP: 3/3
   200 | D:1      | Found Inaoc's Antique Weapon Shoppe.
   347 | D:1      | Slain by a quokka

Illustrated notes

Levels and vault maps discovered:
D:1:      minmay_arrival_hallway, layout_basic, serial_shops,
          nicolae_shop_gibbet_a_chance, serial_corexii_hall,
          corexii_hall_statues_u, corexii_hall_statues_l,
          chequers_hall_statues_wall_a, corexii_hall_statues_x,
          corexii_hall_statues_l, corexii_hall_statues_deadend

Action                     || total
---------------------------++-------
  Melee: Unarmed           ||    13
   Cast: Necrotise         ||     9
    Use: Potion            ||     1
   Stab: Sleeping          ||     1
 Armour: Robe              ||     3
  Dodge: Dodged            ||     8

Table legend: (Time is in decaauts)
 A = Elapsed time spent in this place.
 B = Non-inter-level travel time spent in this place.
 C = Inter-level travel time spent in this place.
 D = Time resting spent in this place.
 E = Time spent auto-exploring this place.
 F = Levels seen in this place.
 G = Mean time per level.
                   A        B        C        D        E       F      G
               +--------+--------+--------+--------+--------+-----+--------+
         Total |    347 |    347 |      0 |      0 |    295 |   1 |  347.0 |
       Dungeon |    347 |    347 |      0 |      0 |    295 |   1 |  347.0 |
               +--------+--------+--------+--------+--------+-----+--------+

Top non-repeatable levels by time:
     D:1: 347 daAuts
